Map: Goldenaura LE

Players

trigger - Winner!

  • Race: Protoss Protoss
  • League: Grandmaster
  • Spawn Location: 12:00

HolyHit

  • Race: Protoss Protoss
  • Spawn Location: 5:00

Event: HomeStory Cup XXV

VOD

Have the link to the VOD?

Description

Time

  • Played on: June 22, 2024, 11:10 a.m.
  • Length: 11:23

All games in this series

Show
View Real Time Build Order
Export as new Build Order

trigger Protoss - Winner!

Build Orders: Phoenix Opening, Blink Stalkers 

Get SALT Encoding   

  12  0:00  Probe  
  13  0:12  Probe  
  14  0:17  Pylon  
  14  0:24  Probe (Chrono Boost)  
  15  0:36  Probe (Chrono Boost)  
  15  0:37  Gateway  
  16  0:44  Probe (Chrono Boost)  
  16  0:46  Assimilator  
  17  0:50  Probe  
  17  0:55  Assimilator  
  18  1:03  Probe (Chrono Boost)  
  19  1:10  Gateway  
  19  1:12  Probe (Chrono Boost)  
  19  1:17  Probe (Chrono Boost)  
  21  1:25  Cybernetics Core  
  21  1:29  Probe  
  22  1:39  Pylon  
  22  1:41  Probe  
  24  2:01  Sentry x2  
  28  2:12  Nexus, Warp Gate (Chrono Boost)  
  27  2:18  Probe  
  28  2:28  Pylon  
  28  2:34  Stalker  
  28  2:36  Phoenix  
  30  2:37  Probe  
  31  2:48  Shield Battery  
  31  2:50  Probe  
  32  2:56  Twilight Council  
  32  3:02  Probe  
  33  3:07  Stalker  
  35  3:14  Probe (Chrono Boost)  
  36  3:22  Phoenix  
  36  3:25  Probe (Chrono Boost)  
  36  3:26  Probe (Chrono Boost)  
  38  3:30  Blink (Chrono Boost)  
  38  3:33  Probe (Chrono Boost)  
  40  3:34  Probe (Chrono Boost)  
  40  3:38  Probe (Chrono Boost)  
  40  3:40  Probe  
  42  3:51  Probe  
  42  3:53  Probe  
  44  3:58  Nexus  
  44  4:00  Sentry  
  46  4:03  Sentry  
  46  4:04  Probe  
  46  4:07  Probe  
  50  4:10  Pylon  
  50  4:12  Phoenix  
  50  4:16  Probe  
  51  4:20  Probe  
  51  4:23  Assimilator  
  52  4:27  Assimilator  
  52  4:28  Stalker x2  
  56  4:34  Phoenix  
  56  4:35  Pylon  
  56  4:36  Robotics Facility  
  56  4:38  Probe  
  57  4:41  Probe  
  57  4:43  Shield Battery  
  58  4:50  Probe  
  59  4:53  Probe  
  59  4:56  Adept x2  
  64  5:02  Probe  
  64  5:05  Probe  
  66  5:11  Gateway x2  
  66  5:14  Probe  
  66  5:15  Probe  
  66  5:19  Probe  
  69  5:23  Stalker x2  
  69  5:26  Observer (Chrono Boost)  
  74  5:29  Probe x2  
  74  5:31  Probe  
  74  5:33  Shield Battery  
  77  5:38  Observer (Chrono Boost)  
  77  5:41  Probe x2 (Chrono Boost)  
  78  5:50  Stalker x2  
  78  5:51  Charge, Probe (Chrono Boost)  
  78  5:55  Forge  
  82  5:59  Probe (Chrono Boost)  
  77  6:05  Probe (Chrono Boost)  
  77  6:07  Probe (Chrono Boost)  
  78  6:13  Probe (Chrono Boost)  
  78  6:15  Probe (Chrono Boost)  
  81  6:24  Probe (Chrono Boost)  
  83  6:25  Probe (Chrono Boost), Phoenix  
  83  6:26  Probe (Chrono Boost), Protoss Ground Weapons Level 1 (Chrono Boost)  
  83  6:32  Probe x2 (Chrono Boost)  
  84  6:37  Pylon  
  85  6:44  Nexus  
  85  6:47  Photon Cannon  
  85  6:50  Pylon  
  85  6:52  Pylon  
  85  6:55  Observer, Probe x3  
  85  6:57  Assimilator  
  85  7:00  Shield Battery  
  89  7:02  Robotics Bay  
  89  7:04  Stalker x2  
  93  7:08  Stalker x2  
  97  7:20  Gateway  
  97  7:24  Gateway  
  97  7:25  Shield Battery  
  97  7:26  Pylon  
  96  7:31  Immortal (Chrono Boost)  
  96  7:35  Stalker  
  101  7:39  Pylon  
  101  7:41  Pylon  
  101  7:50  Probe x2  
  103  7:53  Stalker x3  
  109  7:59  Gateway  
  109  8:07  Colossus (Chrono Boost)  
  109  8:09  Stalker  
  109  8:12  Nexus  
  117  8:13  Extended Thermal Lance, Pylon  
  117  8:17  Pylon, Photon Cannon  
  117  8:19  Pylon  
  117  8:22  Pylon, Protoss Ground Weapons Level 2 (Chrono Boost)  
  117  8:32  Stalker  
  117  8:33  Zealot x3  
  125  8:36  Zealot  
  127  8:42  Shield Battery, Photon Cannon  
  127  8:45  Probe  
  128  8:51  Colossus (Chrono Boost)  
  134  9:00  Zealot x5  
  144  9:03  Probe  
  144  9:07  Probe  
  146  9:10  Shield Battery  
  146  9:11  Photon Cannon  
  146  9:12  Stalker  
  146  9:24  Probe x2  
  146  9:25  Photon Cannon x2  
  146  9:28  Stalker x3  
  154  9:36  Pylon  
  154  9:42  Pylon  
  154  9:46  Stalker x4, Warp Prism (Chrono Boost)  
  164  9:53  Templar Archives  
  164  9:54  Probe  
  165  10:09  Gateway  
  165  10:11  Gateway  
  165  10:13  Gateway, Probe  
  166  10:15  Gateway  
  166  10:16  Pylon  
  166  10:27  Zealot x2  
  166  10:28  Zealot x5  
  180  10:33  Pylon  
  180  10:40  Pylon  
  180  10:42  Pylon  
  178  10:49  Photon Cannon  
  178  10:51  Stalker  
  180  11:00  High Templar x3  
  180  11:01  High Templar x3  
  180  11:02  Nexus  
  192  11:07  Archon x3  
  188  11:17  Stalker x5  
  178  11:22  Pylon  
Show
View Real Time Build Order
Export as new Build Order

HolyHit Protoss 

Build Orders:  

Get SALT Encoding   

  12  0:00  Probe  
  13  0:12  Probe  
  14  0:17  Pylon  
  14  0:24  Probe (Chrono Boost)  
  15  0:36  Probe (Chrono Boost)  
  15  0:37  Gateway  
  16  0:44  Probe (Chrono Boost)  
  16  0:46  Assimilator  
  17  0:51  Probe  
  18  0:58  Assimilator  
  18  1:03  Probe (Chrono Boost)  
  19  1:09  Gateway  
  19  1:14  Probe (Chrono Boost)  
  20  1:19  Probe (Chrono Boost)  
  20  1:25  Cybernetics Core  
  21  1:29  Probe  
  22  1:36  Pylon  
  22  1:41  Probe  
  23  1:54  Probe  
  24  2:01  Stalker, Sentry  
  24  2:05  Warp Gate  
  28  2:08  Probe  
  28  2:12  Pylon  
  29  2:20  Probe  
  29  2:32  Probe  
  30  2:39  Nexus  
  30  2:45  Probe  
  30  2:49  Sentry x2  
  35  2:57  Probe  
  36  3:03  Robotics Facility  
  36  3:09  Probe  
  37  3:15  Pylon  
  37  3:21  Probe  
  38  3:33  Stalker, Probe (Chrono Boost)  
  41  3:41  Twilight Council  
  41  3:45  Probe (Chrono Boost)  
  42  3:53  Probe (Chrono Boost)  
  42  3:54  Warp Prism (Chrono Boost)  
  44  3:56  Probe (Chrono Boost)  
  44  4:01  Probe  
  47  4:06  Probe  
  48  4:13  Probe  
  49  4:18  Probe  
  49  4:21  Dark Shrine  
  49  4:23  Immortal (Chrono Boost)  
  50  4:28  Probe  
  55  4:36  Probe  
  56  4:41  Nexus  
  56  4:49  Probe x2  
  58  4:52  Pylon  
  58  4:56  Immortal (Chrono Boost)  
  62  5:09  Pylon  
  62  5:10  Shield Battery  
  62  5:11  Shield Battery  
  62  5:13  Probe x2  
  64  5:24  Assimilator  
  64  5:25  Probe  
  64  5:28  Assimilator  
  65  5:29  Immortal  
  65  5:32  Probe  
  70  5:36  Dark Templar  
  70  5:38  Dark Templar  
  70  5:40  Pylon  
  70  5:52  Probe  
  70  5:53  Gateway  
  70  5:56  Gateway  
  71  5:58  Probe  
  71  5:59  Blink (Chrono Boost)  
  72  6:04  Probe  
  72  6:06  Gateway  
  72  6:10  Probe (Chrono Boost)  
  72  6:17  Probe (Chrono Boost)  
  71  6:22  Stalker, Probe (Chrono Boost)  
  71  6:23  Stalker  
  71  6:25  Probe (Chrono Boost)  
  77  6:28  Observer, Probe (Chrono Boost)  
  77  6:30  Probe (Chrono Boost)  
  77  6:32  Probe (Chrono Boost)  
  81  6:33  Probe (Chrono Boost)  
  81  6:35  Gateway  
  82  6:43  Probe x2  
  82  6:45  Probe  
  82  6:46  Stalker  
  87  6:47  Sentry  
  87  6:51  Stalker  
  87  6:52  Stalker  
  93  7:01  Pylon  
  93  7:06  Pylon  
  93  7:07  Pylon  
  93  7:18  Observer  
  93  7:19  Probe  
  95  7:31  Dark Templar x2  
  95  7:32  Dark Templar x2  
  95  7:42  Gateway  
  93  7:45  Gateway  
  93  7:47  Stalker x2  
  95  7:56  Probe x2  
  95  8:01  Observer  
  95  8:04  Stalker x3  
  101  8:06  Nexus  
  101  8:07  Probe  
  101  8:08  Probe  
  101  8:09  Assimilator  
  101  8:11  Forge, Pylon  
  103  8:13  Pylon  
  103  8:14  Pylon  
  103  8:15  Dark Templar  
  103  8:18  Stalker  
  107  8:25  Probe  
  108  8:40  Stalker x5  
  112  8:41  Zealot x2  
  112  8:42  Probe x2  
  118  8:49  Charge  
  118  8:50  Probe  
  118  8:55  Probe x2  
  121  8:57  Shield Battery  
  121  9:01  Assimilator  
  121  9:02  Shield Battery, Probe  
  122  9:03  Photon Cannon  
  122  9:06  Protoss Ground Weapons Level 1 (Chrono Boost)  
  122  9:11  Zealot x3  
  127  9:18  Zealot x3  
  127  9:22  Dark Templar  
  133  9:28  Probe x2  
  133  9:30  Dark Templar  
  137  9:31  Photon Cannon  
  137  9:36  Zealot x3  
  144  9:38  Probe x2  
  144  9:39  Observer  
  141  9:46  Dark Templar x2  
  141  9:51  Stalker  
  147  9:54  Immortal  
  151  10:12  Robotics Bay  
  151  10:18  Robotics Facility  
  142  10:37  Zealot x4  
  142  10:38  Zealot  
  146  10:48  Stalker x3  
  144  10:52  Probe x2  
  146  11:00  Stalker x5  
  154  11:14  Zealot x3  
Tags
 
Add a new tag
Caveats
  • Supply blocks, unpowered buildings, or Contaminate may cause inaccurate times.
  • Supply counts are checked every 10 seconds.